 Dungeon Crawl Stone Soup version 0.20.0-15-g7f486f2 (webtiles) character file.

88 Mesmaeker13 the Sneak (level 4, -6/23 HPs)
             Began as a Vine Stalker Assassin on June 15, 2017.
             Killed from afar by Ijyb (18 damage)
             ... with a wand of lightning (?/15)
             ... on level 2 of the Dungeon.
             The game lasted 00:04:21 (2195 turns).

Mesmaeker13 the Sneak (Vine Stalker Assassin)       Turns: 2195, Time: 00:04:21

Health: -6/23      AC:  3    Str: 14    XL:     4   Next: 53%
Magic:  0/5        EV: 12    Int: 12    God:
Gold:   83         SH:  0    Dex: 15    Spells: 3/3 levels left

rFire    + . .     SeeInvis .   a - +2 dagger
rCold    + . .     Gourm    .   (no shield)
rNeg     . . .     Faith    .   c - +0 robe
rPois    .         Spirit   +   (no helmet)
rElec    .         Reflect  .   o - scarf {rC+ rF+}
rCorr    .         Harm     .   m - +0 pair of gloves
MR       .....                  (no boots)
Stlth    +++.......             s - amulet of magic regeneration
Regen    0.5/turn               (no ring)
MPRegen  0.2/turn               (no ring)

@: no status effects
A: fangs 2, regeneration 1, magic shield, antimagic bite, no potion heal 3, rot
immunity
a: no special abilities


You were on level 2 of the Dungeon.
You were not hungry.

You visited 1 branch of the dungeon, and saw 3 of its levels.

You collected 83 gold pieces.

Inventory:

Hand Weapons
 a - a +2 dagger (weapon)
 b - a +0 blowgun
Missiles
 e - 7 poisoned needles
Armour
 c - a +0 robe (worn)
 d - a +0 cloak
 m - a +0 pair of gloves (worn)
 o - a scarf of resistance (worn)
Jewellery
 s - an amulet of magic regeneration (around neck)
Wands
 p - a wand of polymorph (14/24)
Scrolls
 k - 2 scrolls of teleportation
 n - 2 scrolls of remove curse {unknown}
 q - a scroll of noise {unknown}
 t - a scroll of magic mapping {unknown}
Potions
 r - 2 potions of degeneration
 u - a potion of invisibility {unknown}
Comestibles
 f - a chunk of flesh
 g - 2 bread rations
 i - 2 meat rations
 j - a royal jelly


   Skills:
 - Level 1.7 Fighting
 + Level 2.5 Short Blades
 - Level 1.7 Throwing
 + Level 2.0 Dodging
 + Level 5.9 Stealth


You had 3 spell levels left.
You didn't know any spells.

Dungeon Overview and Level Annotations

Branches:
Dungeon (3/15)

Altars:

Annotations:
D:2 Ijyb
D:3 Grinder, Robin


Innate Abilities, Weirdness & Mutations

You have extremely sharp teeth.
Your natural rate of healing is unusually fast.
When hurt, damage is shared between your health and your magic reserves.
Your bite disrupts and absorbs the magic of your enemies.
Potions cannot restore your health.
You are immune to rotting.


Message History

Aim: Ijyb, wearing a ring mail and carrying a wand of lightning (?/15) {zapped: 2} (unusually strong, unusually agile)
You shoot a curare-tipped needle. The curare-tipped needle hits Ijyb.
Ijyb is poisoned.
Ijyb convulses.
Ijyb seems to slow down.
Ijyb is moderately wounded.
Wield which item (- for none, * to show all)? (? for menu, Esc to quit)
a - a +2 dagger (weapon)
Ijyb zaps a wand.
The bolt of lightning misses you.
You miss Ijyb. Your bite misses Ijyb.
Ijyb is moderately wounded.
Ijyb no longer looks unusually strong.
You barely miss Ijyb. You bite Ijyb, but do no damage.
Ijyb is heavily wounded.
Ijyb barely misses you.
You hit Ijyb but do no damage. Your bite misses Ijyb.
Ijyb is heavily wounded.
You miss Ijyb.
Ijyb is heavily wounded.
Ijyb zaps a wand.
The bolt of lightning hits you!
Ouch! That really hurt!
You die...

# ###............................
# #...........##.........#......
# #...........##.....<..........
####...........##......#......##.
...###.......#.##...#.).(..#..##.
...# #.......#.##...#....#.#..##.
...# #.........##...#......#..##.
...##########..##...#.#..#<#..##.
..............>g@...#....#.#..##.
...###############..###...#....#.
...# #..................... ...#
#.############......#. ...#
###.###########......... ...#
#......................# ####
###.##.##########.######## #
#....#.# #.# # #.#..#.# #.#


You could see Ijyb.

Vanquished Creatures
  2 oozes
  2 worms (D:2)
  3 dart slugs
  6 giant cockroaches
  6 goblins
  8 hobgoblins
  4 jackals
  11 kobolds
  A quokka (D:2)
  2 ball pythons
  5 bats (D:1)
  7 frilled lizards
  5 rats
62 creatures vanquished.

Notes
Turn   | Place    | Note
-------+----------+-------------------------------------------
     0 | D:1      | Mesmaeker13 the Vine Stalker Assassin began the quest for the Orb.
     0 | D:1      | Reached XP level 1. HP: 11/11 MP: 2/2
    37 | D:1      | Reached skill level 5 in Stealth
    51 | D:1      | Reached skill level 1 in Dodging
   273 | D:1      | Reached XP level 2. HP: 15/15 MP: 3/3
   650 | D:1      | Reached XP level 3. HP: 15/18 MP: 4/4
  1461 | D:2      | Gained mutation: Your natural rate of healing is unusually fast. [Vine Stalker growth]
  1461 | D:2      | Reached XP level 4. HP: 22/23 MP: 5/5
  2164 | D:3      | Noticed Ijyb
  2172 | D:3      | Noticed Grinder
  2172 | D:3      | Noticed Robin
  2195 | D:2      | Killed from afar by Ijyb

Skill      XL: |  1  2  3  4 |
---------------+-------------+-----
Stealth        | 5 |  5.9
Dodging        | 1 2 |  2.0
Short Blades   | 2 |  2.5
Fighting       | |  1.7
Throwing       | |  1.7

Action                   |  1- 3 |  4- 6 || total
-------------------------+-------+-------++-------
Melee: Dagger            |    81 |    66 ||   147
       Bite              |     8 |    20 ||    28
 Fire: Blowgun           |     7 |     4 ||    11
  Use: Scroll            |     2 |     1 ||     3
 Stab: Sleeping          |    10 |     3 ||    13
       Distracted        |       |     1 ||     1
  Eat: Chunk             |     2 |     2 ||     4
Armor: Robe              |    16 |    13 ||    29
Dodge: Dodged            |    42 |    34 ||    76
